 Dungeon Crawl Stone Soup version 0.28.0 (webtiles) character file.

Game seed: 14877631622507302972

15226 browni3141 the Grappler (level 11, -4/184 HPs)
             Began as a Troll Berserker on Feb 10, 2022.
             Was a High Priest of Trog.
             Killed by divine providence
             ... invoked by an orc high priest
              (9 damage)
             ... on level 2 of the Orcish Mines.
             The game lasted 00:08:04 (10432 turns).

browni3141 the Grappler (Troll Berserker)          Turns: 10432, Time: 00:08:05

Health: -4/184     AC:  5    Str: 31    XL:     11   Next: 99%
Magic:  10/10      EV: 10    Int:  3    God:    Trog [*****.]
Gold:   1296       SH:  0    Dex:  9    Spells: 10/10 levels left

rFire   . . .      SeeInvis .     - Unarmed
rCold   . . .      Faith    .   (no shield)
rNeg    . . .      Spirit   .   a - +0 animal skin
rPois   +          Reflect  .   (helmet restricted)
rElec   .          Harm     .   y - +0 cloak
rCorr   .          Rampage  .   (gloves unavailable)
Will    .....                   (boots unavailable)
Stlth   ..........              q - amulet of magic regeneration
HPRegen 1.20/turn               d - ring of poison resistance
MPRegen 0.52/turn               h - ring of flight

@: berserking, flying, studying Bows, very quick
A: large, unfitting armour, claws 3, regeneration 1, shaggy fur 1, tough skin 1
a: Renounce Religion, Berserk, Trog's Hand, Brothers in Arms


You were on level 2 of the Orcish Mines.
You worshipped Trog.
Trog was extremely pleased with you.
You visited 2 branches of the dungeon, and saw 12 of its levels.

You collected 1296 gold pieces.

Inventory:

Missiles
 g - 22 boomerangs (quivered)
 x - 3 throwing nets
Armour
 a - a +0 animal skin (worn)
 y - a +0 cloak (worn)
Jewellery
 d - a ring of poison resistance (left claw)
 h - a ring of flight (right claw)
 q - an amulet of magic regeneration (around neck)
Wands
 m - a wand of mindburst (16)
 r - a wand of digging (6)
 t - a wand of flame (23)
 F - a wand of iceblast (19)
Scrolls
 f - 8 scrolls of identify {unknown}
 i - 7 scrolls of teleportation {unknown}
 j - a scroll of blinking {unknown}
 l - 3 scrolls of magic mapping {unknown}
 n - 2 scrolls of enchant weapon {unknown}
 p - a scroll of amnesia {unknown}
 s - a scroll of summoning {unknown}
 u - 6 scrolls of enchant armour {unknown}
 v - a scroll of immolation {unknown}
 D - 2 scrolls of vulnerability {unknown}
 E - a scroll of holy word {unknown}
 G - a scroll of fear {unknown}
Potions
 b - 2 potions of ambrosia {unknown}
 c - 3 potions of heal wounds {unknown}
 e - 3 potions of brilliance {unknown}
 k - a potion of haste {unknown}
 o - a potion of might {unknown}
 w - 2 potions of curing {unknown}
 z - a potion of resistance {unknown}
 A - 3 potions of attraction {unknown}
 B - a potion of degeneration {unknown}
 C - 2 potions of mutation {unknown}


   Skills:
 + Level 12.0 Fighting
 - Level 2.4 Dodging
 + Level 14.1 Unarmed Combat


You had 10 spell levels left.
You didn't know any spells.
Your spell library was empty.

Dungeon Overview and Level Annotations

Branches:
Dungeon (10/15)            Temple (0/1) D:6            Lair (0/6) D:8
    Orc (2/2) D:10            Elf (0/3) Orc:2

Altars:
Cheibriados
Elyvilon
Fedhas
Gozag
Hepliaklqana
Kikubaaqudgha
Nemelex Xobeh
Qazlal
Sif Muna
Trog
Uskayaw
Zin
Beogh

Shops:
D:6 =   D:8 *


Innate Abilities, Weirdness & Mutations

You are too large for most types of armour.
You have claws for hands.
Your natural rate of healing is unusually fast.
You are covered in fur. (AC +1)
You have tough skin. (AC +1)


Message History

Beogh smites you! Something hits you.
Things that are here:
a +0 short sword; a +0 scale mail; a +0 whip You claw something!
Trog accepts your kill.
Trog appreciates your killing of a magic user.
Reactivating autopickup.
You feel a bit more experienced.
The orc high priest utters an invocation to Beogh.
The smoke demon gestures at you. Beogh smites you!
Items here: $ ))) [[.
The sun demon barely misses you. The sun demon hits you!!
You are engulfed in flames!!
* * * LOW HITPOINT WARNING * * *
The orc high priest intones a terrible prayer.
The orc high priest barely misses you.
A red film seems to cover your vision as you go berserk!
You feel yourself moving faster!
You feel mighty! The smoke demon hits you.
* * * LOW HITPOINT WARNING * * *
The smoke demon hits you.
* * * LOW HITPOINT WARNING * * *
The smoke demon hits you but does no damage.
The sun demon closely misses you.
The orc high priest hits you with a +0 hand axe.
* * * LOW HITPOINT WARNING * * *
You eviscerate the orc high priest!!!
The orc high priest is severely wounded.
The smoke demon gestures at you. Beogh smites you!
* * * LOW HITPOINT WARNING * * *
You closely miss the orc high priest.
The orc high priest is severely wounded.
The sun demon hits you!
* * * LOW HITPOINT WARNING * * *
You are engulfed in flames!!
* * * LOW HITPOINT WARNING * * *
The orc high priest mumbles some strange prayers to Beogh against you.
Beogh smites you!
You die...

#.# #... #.###..#
#.......... .......#
#......... #####..#
#........## #..#
#.........#
#####..######.........#
......................##
.................3.....#
#..[######.....o@.......
#.<.##.#.#.....3........
..[...........).........
#.#........#..).........
#####....###...........#
#.#####.###.........^...
...# ####.....#.....#.#
...## ##...........##
....# ##...#......#


You could see an orc high priest, a sun demon (summoned) and a smoke demon
(summoned).

Vanquished Creatures
  A boulder beetle (Orc:1)
  Harold (D:10)
  2 two-headed ogres (D:8)
  2 orc high priests (Orc:2)
  A harpy (shapeshifter) (D:9)
  An orc sorcerer (Orc:1)
  Psyche (D:9)
  A troll (Orc:2)
  2 hornets
  Sigmund (D:2)
  A shadow (D:10)
  2 wyverns
  17 yaks
  An acid dragon (D:8)
  6 wargs
  A water moccasin (D:7)
  14 orc warriors
  A black bear (D:5)
  An ice beast (D:8)
  A sky beast (D:8)
  A necrophage (D:6)
  2 centaurs
  8 ogres
  2 phantoms
  2 bullfrogs
  4 kobold brigands
  3 wyvern zombies
  2 scorpions
  A gnoll sergeant (D:8)
  3 troll zombies (D:10)
  3 killer bees (D:9)
  9 howler monkeys
  2 centaur zombies
  A bullfrog zombie (D:6)
  A jelly (D:4)
  Crazy Yiuf (D:6)
  A bullfrog skeleton (D:6)
  15 orc priests
  4 hounds
  4 iguanas
  Jessica (D:2)
  3 gnoll shamans
  12 orc wizards
  A killer bee zombie (D:8)
  5 ogre zombies (D:10)
  27 gnolls
  6 adders
  A howler monkey skeleton (D:4)
  A shadow imp (D:6)
  3 worms
  91 orcs
  3 bats
  7 endoplasms
  A giant cockroach (D:4)
  4 hobgoblins
  14 jackals (D:5)
  4 kobolds
  4 quokkas (D:4)
  7 ball pythons
  2 frilled lizards (D:1)
  5 goblins
  2 goblin skeletons (D:10)
  2 goblin zombies (D:10)
  A hobgoblin skeleton (D:10)
  5 hobgoblin zombies (D:10)
  2 orc skeletons (D:10)
  13 orc zombies (D:10)
  A rat (D:2)
355 creatures vanquished.

Vanquished Creatures (others)
  A human (D:7)
  A plant (D:5)
  A withered plant (D:2)
3 creatures vanquished.

Grand Total: 358 creatures vanquished

Notes
Turn   | Place    | Note
-------+----------+-------------------------------------------
     0 | D:1      | browni3141 the Troll Berserker began the quest for the Orb.
     0 | D:1      | Reached XP level 1. HP: 22/22 MP: 0/0
   143 | D:1      | Reached XP level 2. HP: 29/29 MP: 1/1
  1001 | D:2      | Reached XP level 3. HP: 37/37 MP: 2/2
  1037 | D:2      | Found a faded altar of an unknown god.
  1049 | D:2      | Noticed Jessica
  1056 | D:2      | Killed Jessica
  1057 | D:2      | Reached skill level 4 in Unarmed Combat
  1336 | D:2      | Reached XP level 4. HP: 45/45 MP: 3/3
  1423 | D:2      | Noticed Sigmund
  1431 | D:2      | Killed Sigmund
  1432 | D:2      | Reached skill level 5 in Unarmed Combat
  1432 | D:2      | Reached XP level 5. HP: 54/54 MP: 4/4
  1607 | D:3      | Found a hide-covered altar of Uskayaw.
  2196 | D:4      | Reached XP level 6. HP: 63/63 MP: 5/5
  2499 | D:4      | Reached skill level 5 in Fighting
  2499 | D:4      | Reached skill level 6 in Unarmed Combat
  2499 | D:4      | Reached XP level 7. HP: 72/72 MP: 6/6
  2538 | D:4      | Found a shimmering blue altar of Sif Muna.
  2758 | D:5      | Entered Level 5 of the Dungeon
  2843 | D:5      | Found a blossoming altar of Fedhas.
  2919 | D:5      | Reached skill level 7 in Unarmed Combat
  2930 | D:5      | Reached XP level 8. HP: 71/83 MP: 7/7
  3077 | D:5      | Found a bloodstained altar of Trog.
  3123 | D:5      | Reached ** piety under Trog
  3578 | D:5      | Reached skill level 8 in Unarmed Combat
  3975 | D:5      | Reached *** piety under Trog
  4105 | D:6      | Found a staircase to the Ecumenical Temple.
  4253 | D:6      | Found Caxkut's Jewellery Shoppe.
  4354 | D:6      | Noticed a hornet
  4357 | D:6      | Killed a hornet
  4358 | D:6      | Reached skill level 9 in Unarmed Combat
  4358 | D:6      | Reached XP level 9. HP: 93/93 MP: 8/8
  4383 | D:6      | Found a white marble altar of Elyvilon.
  4452 | D:6      | Found a runed translucent door.
  4453 | D:6      | Noticed Crazy Yiuf
  4540 | D:6      | Killed Crazy Yiuf
  4620 | D:7      | Found an opulent altar of Gozag.
  4786 | D:7      | Found an ancient bone altar of Kikubaaqudgha.
  4893 | D:7      | Found a hazy altar of Hepliaklqana.
  5390 | D:7      | Found a snail-covered altar of Cheibriados.
  5474 | D:7      | Found a sparkling altar of Nemelex Xobeh.
  5713 | D:8      | Found a staircase to the Lair.
  5770 | D:8      | Found Zin's Purification Station.
  5770 | D:8      | Found a glowing silver altar of Zin.
  5788 | D:8      | Reached skill level 10 in Unarmed Combat
  5922 | D:8      | Reached **** piety under Trog
  6210 | D:8      | Noticed a two-headed ogre
  6226 | D:8      | Killed a two-headed ogre
  6227 | D:8      | Reached XP level 10. HP: 64/107 MP: 9/9
  6314 | D:8      | Found a stormy altar of Qazlal.
  6422 | D:8      | Noticed a two-headed ogre
  6427 | D:8      | Killed a two-headed ogre
  6428 | D:8      | Reached skill level 11 in Unarmed Combat
  7079 | D:9      | Reached skill level 10 in Fighting
  7448 | D:9      | Reached skill level 12 in Unarmed Combat
  7461 | D:9      | Noticed Psyche
  7471 | D:9      | Killed Psyche
  7749 | D:9      | Noticed a harpy
  7754 | D:9      | Killed a harpy
  7835 | D:10     | Entered Level 10 of the Dungeon
  7961 | D:10     | Found a staircase to the Orcish Mines.
  7967 | D:10     | Reached XP level 11. HP: 103/119 MP: 10/10
  7999 | D:10     | Reached ***** piety under Trog
  8318 | D:10     | Noticed Harold
  8325 | D:10     | Killed Harold
  8788 | D:10     | Reached skill level 13 in Unarmed Combat
  8967 | Orc:1    | Entered Level 1 of the Orcish Mines
  9019 | Orc:1    | Noticed a boulder beetle
  9049 | Orc:1    | Killed a boulder beetle
  9278 | Orc:1    | Noticed an orc sorcerer
  9288 | Orc:1    | Killed an orc sorcerer
  9416 | Orc:2    | Entered Level 2 of the Orcish Mines
  9416 | Orc:2    | Found a staircase to the Elven Halls.
  9709 | Orc:2    | Noticed an orc warlord
 10006 | Orc:2    | Noticed an orc high priest
 10094 | Orc:2    | Noticed an orc high priest
 10101 | Orc:2    | Killed an orc high priest
 10157 | Orc:2    | Killed an orc high priest
 10158 | Orc:2    | Reached skill level 14 in Unarmed Combat
 10419 | Orc:2    | Noticed an orc high priest
 10422 | Orc:2    | Noticed a sun demon
 10432 | Orc:2    | HP: 5/184 [sun demon[an orc high priest] (19)]
 10432 | Orc:2    | Killed from afar by an orc high priest

Illustrated notes

Levels and vault maps discovered:
D:1:      dpeg_arrival_chambers_temple_mockup, layout_rooms, serial_rivers,
          chequers_serial_rivers_small_3, chequers_serial_rivers_micro_e,
          chequers_serial_rivers_large_a, chequers_serial_rivers_micro_d
D:2:      layout_loops_corners, shapermc_ecumenical_altar_gd, uniq_jessica,
          uniq_sigmund
D:3:      layout_basic, overflow_temple_1_default, serial_glass,
          glass_columns_a, glass_columns_a
D:4:      layout_cave_pools, lemuel_coloured_pillars_altar
D:5:      lemuel_castle_with_subvaults [lemuel_castle_interior_carwin_3],
          layout_layer_cave, old_standard_altar, amcnicky_altar_gilded,
          guppyfry_early_orc_mine
D:6:      layout_basic, mainiacjoe_overflow_small_starburst,
          minmay_temple_entry_tees, serial_shops, nicolae_shop_trees,
          kennysheep_generic_room_15, uniq_crazy_yiuf_cottage
D:7:      layout_basic, mainiacjoe_overflow_big_doors, tgw_kikubaaqudgha,
          nzn_hepliaklqana_mist_gate, mainiacjoe_overflow_boulevard
D:8:      minmay_razor_zed, layout_cave_pods, zin_purify,
          nicolae_qazlal_eye_of_the_storm, lair_entry_dummy
D:9:      layout_roguey, kennysheep_generic_room_14, uniq_psyche
D:10:     layout_loops_ring, zombieorc2_lemuel, lightli_orcish_oven, uniq_harold
Orc:1:    layout_caves, basic_altar, statue_in_the_mist_lemuel, rock_pile
Orc:2:    st_orc_town, layout_caves

Skill      XL: |  1  2  3  4  5  6  7  8  9 10 11 |
---------------+----------------------------------+-----
Fighting       | 3 4 5 6 7 9 10 12 | 12.0
Unarmed Combat | 4 5 6 7 9 10 12 14 | 14.1
Dodging        | |  2.4

Action                   |  1- 3 |  4- 6 |  7- 9 | 10-12 || total
-------------------------+-------+-------+-------+-------++-------
Melee: Unarmed           |    51 |    66 |   284 |   434 ||   835
       Punch             |     1 |     2 |     7 |    29 ||    39
Throw: Boomerang         |       |       |       |     3 ||     3
Invok: Berserk           |     2 |     5 |     9 |    10 ||    26
       Trog's Hand       |       |       |       |     1 ||     1
Armor: Animal skin       |    14 |    18 |    56 |    80 ||   168
Dodge: Dodged            |    21 |    27 |   129 |   160 ||   337
